 Dungeon Crawl Stone Soup version 0.24.0-1-gfbc8707122 (webtiles) character file.

Game seed: 5587074328022314989, levelgen mode: deterministic

1197 Fingolfin the Fighter (level 8, 0/74 HPs)
             Began as a Hill Orc Monk on Oct 26, 2019.
             Was a Believer of Qazlal.
             Blown up by Ijyb (25 damage)
             ... with a disintegration bolt
             ... on level 5 of the Dungeon.
             The game lasted 00:11:35 (4153 turns).

Fingolfin the Fighter (Hill Orc Monk)               Turns: 4153, Time: 00:11:36

Health: 0/74       AC: 10    Str: 16    XL:     8   Next: 44%
Magic:  8/8        EV:  6    Int: 10    God:    Qazlal [**....]
Gold:   233        SH: 10    Dex: 13    Spells: 7/7 levels left

rFire    . . .     SeeInvis .   a - +0 hand axe
rCold    . . .     Gourm    .   j - +0 shield
rNeg     . . .     Faith    .   t - +0 chain mail
rPois    .         Spirit   .   (no helmet)
rElec    .         Reflect  .   (no cloak)
rCorr    .         Harm     .   (no gloves)
MR       .....                  (no boots)
Stlth    ..........             (no amulet)
HPRegen  0.22/turn              l - +6 ring of slaying
MPRegen  0.11/turn              (no ring)

@: no status effects
A: no striking features
a: Upheaval, Renounce Religion


You were on level 5 of the Dungeon.
You worshipped Qazlal.
Qazlal was pleased with you.
You were not hungry.

You visited 1 branch of the dungeon, and saw 5 of its levels.

You collected 233 gold pieces.

Inventory:

Hand Weapons
 a - a +0 hand axe (weapon)
Missiles
 e - 8 poisoned darts
 f - 145 stones (quivered)
 s - 4 boomerangs
Armour
 j - a +0 shield (worn)
 t - a +0 chain mail (worn)
Jewellery
 l - a +6 ring of slaying (left hand)
 n - an uncursed ring of ice
Scrolls
 b - 4 scrolls of remove curse
 d - 2 scrolls of enchant armour
 g - a scroll of fear {unknown}
 h - 3 scrolls of teleportation
 i - a scroll of random uselessness {unknown}
 m - 2 scrolls of magic mapping {unknown}
 o - 2 scrolls of noise {unknown}
 p - 3 scrolls of blinking
 q - 2 scrolls of amnesia {unknown}
 v - a scroll of enchant weapon {unknown}
Potions
 k - 2 potions of curing
 r - a potion of agility
 u - a potion of heal wounds
 w - a potion of lignification {unknown}
Comestibles
 c - 8 rations
 x - 3 chunks of flesh


   Skills:
 - Level 8.1 Fighting
 - Level 4.0 Axes
 + Level 5.8 Armour
 + Level 5.1 Dodging
 - Level 1.5 Stealth


You had 7 spell levels left.
You didn't know any spells.
Your spell library contained the following spells:

 Spells                   Type           Power        Failure   Level  Hunger
 Confusing Touch          Hex            #.....       100%        1    ##.....
 Confuse                  Hex            #.......     100%        3    ####...
 Gell's Gravitas          Tloc           #.........   100%        3    ####...
 Petrify                  Tmut/Erth      #.......     100%        4    #####..
 Metabolic Englaciation   Hex/Ice        #.........   100%        5    ######.
 Yara's Violent Unravell  Hex/Tmut       #.........   100%        5    ######.


Dungeon Overview and Level Annotations

Branches:
Dungeon (5/15)             Temple (0/1) D:4

Altars:
Ashenzari
Qazlal

Annotations:
D:5 Ijyb


Message History

You block Ijyb's attack.
Your shield and chain mail prevent you from hitting Ijyb.
Ijyb is heavily wounded.
Ijyb zaps a wand.
You struggle to resist.
Ijyb hits you but does no damage.
You hit Ijyb but do no damage.
Ijyb is heavily wounded.
You block Ijyb's attack.
You closely miss Ijyb.
Ijyb is heavily wounded.
Ijyb closely misses you.
You slash Ijyb!
Ijyb is severely wounded.
Ijyb zaps a wand.
You are blasted!
You closely miss Ijyb.
Ijyb is severely wounded.
Ijyb zaps a wand.
You struggle to resist.
You hit Ijyb but do no damage.
Ijyb is severely wounded.
Ijyb zaps a wand.
You are blasted!
You die...

.. .. .###### ..
....... .. .....^. ..
....... .. ....... ..
.......### ..
........g# #...#
......##@## #...
.....##..○## ...#
.>...##.....## ...#
..#.. #.......# ...#
#..#. ##.......##
...##...# #.........#
......... #.........##
.....# #####.......#
##...#.####8..####....#


You could see Ijyb.

Vanquished Creatures
  Grinder (D:4)
  Eustachio (D:5)
  2 ogres
  A big kobold (D:5)
  A scorpion (D:4)
  3 orc wizards
  3 orc priests
  6 worker ants
  A hound zombie (D:5)
  A worker ant zombie (D:5)
  5 adders
  4 gnolls (D:4)
  A shadow imp (D:5)
  3 worms
  A dart slug (D:1)
  3 leopard geckos
  15 orcs
  3 ball pythons
  7 giant cockroaches
  7 goblins
  7 hobgoblins
  11 jackals
  4 quokkas
  8 bats
  6 frilled lizards
  17 kobolds
  A leopard gecko skeleton (D:4)
  10 rats
133 creatures vanquished.

Notes
Turn   | Place    | Note
-------+----------+-------------------------------------------
     0 | D:1      | Fingolfin the Hill Orc Monk began the quest for the Orb.
     0 | D:1      | Reached XP level 1. HP: 19/19 MP: 1/1
    56 | D:1      | Reached skill level 4 in Fighting
   247 | D:1      | Found a shattered altar of Ashenzari.
   340 | D:1      | Reached XP level 2. HP: 27/27 MP: 2/2
   585 | D:1      | Reached XP level 3. HP: 25/35 MP: 3/3
   602 | D:1      | Reached skill level 5 in Fighting
  1023 | D:2      | Reached XP level 4. HP: 33/44 MP: 4/4
  1291 | D:2      | Reached skill level 6 in Fighting
  1710 | D:3      | Found a stormy altar of Qazlal.
  1718 | D:3      | Became a worshipper of Qazlal Stormbringer
  1718 | D:3      | Reached * piety under Qazlal
  1718 | D:3      | Reached ** piety under Qazlal
  2013 | D:3      | Noticed an ogre
  2209 | D:3      | Killed an ogre
  2209 | D:3      | Reached skill level 7 in Fighting
  2209 | D:3      | Reached XP level 5. HP: 23/52 MP: 5/5
  2533 | D:4      | Reached XP level 6. HP: 53/61 MP: 6/6
  2539 | D:4      | Reached skill level 8 in Fighting
  2553 | D:4      | Reached skill level 1 in Armour
  2681 | D:4      | Reached XP level 7. HP: 28/68 MP: 7/7
  2990 | D:4      | Found a staircase to the Ecumenical Temple.
  3081 | D:4      | Noticed Grinder
  3082 | D:4      | Paralysed by Grinder for 2 turns
  3312 | D:4      | Killed Grinder
  3376 | D:4      | Reached XP level 8. HP: 21/74 MP: 8/8
  3672 | D:5      | Entered Level 5 of the Dungeon
  3797 | D:5      | Reached skill level 5 in Armour
  4091 | D:5      | Noticed Eustachio
  4115 | D:5      | Killed Eustachio
  4115 | D:5      | Reached skill level 5 in Dodging
  4131 | D:5      | Noticed Ijyb
  4153 | D:5      | Blown up by Ijyb

Levels and vault maps discovered:
D:1:      dpeg_arrival_solitude, layout_basic, ashenzari_altar_1
D:2:      layout_loops_ring, first_ration, minmay_pentomino_p2
D:3:      layout_loops_ring, grunt_qazlal_sundering
D:4:      layout_basic, minmay_temple_entry_junction, uniq_grinder
D:5:      kennysheep_spiral_hall, layout_rooms, chequers_serial_rivers_small_a,
          uniq_eustachio, uniq_ijyb

Skill      XL: |  1  2  3  4  5  6  7  8 |
---------------+-------------------------+-----
Fighting       | 4 5 7 8 |  8.1
Armour         | 2 4 5 |  5.8
Dodging        | 3 4 5 |  5.1
Axes           | |  4.0
Stealth        | |  1.5

Action                   |  1- 3 |  4- 6 |  7- 9 || total
-------------------------+-------+-------+-------++-------
Melee: Hand axe          |   125 |   189 |   142 ||   456
Throw: Stone             |       |     2 |       ||     2
  Use: Scroll            |       |     4 |     2 ||     6
  Eat: Chunk             |       |     6 |     5 ||    11
Armor: Robe              |    12 |       |       ||    12
       Ring mail         |    40 |    61 |    13 ||   114
       Chain mail        |       |       |    45 ||    45
Dodge: Dodged            |   105 |    68 |    42 ||   215
Block: Shield            |       |    68 |    65 ||   133
